 Dungeon Crawl Stone Soup version 0.17.2 (webtiles) character file.

8200 Goblin1989 the Grappler (level 11, -1/86 HPs)
             Began as a Demonspawn Monk on July 9, 2016.
             Was a Follower of Ru.
             Impaled on a porcupine's spines (13 damage)
             ... on level 1 of the Lair of Beasts.
             The game lasted 00:36:49 (12626 turns).

Goblin1989 the Grappler (Demonspawn Monk)          Turns: 12626, Time: 00:36:49

Health: -1/86      AC: 12    Str: 18      XL:     11   Next: 6%
Magic:  11/11      EV: 14    Int: 10 (11) God:    Ru [*.....]
Gold:   409        SH:  0    Dex: 15      Spells: 0 memorised, 10 levels left

rFire  . . .     SeeInvis +       - Unarmed
rCold  . . .     Clarity  +     G - +1 ring mail
rNeg   . . .     SustAt   .     (no shield)
rPois  +         Gourm    .     (helmet restricted)
rElec  .         Spirit   .     x - +1 cloak {+Inv}
rCorr  .         Warding  .     z - +0 pair of gloves
rMut   .         Stasis   .     i - +0 pair of boots
MR     ++...                    (no amulet)
Stlth  +++.......               (no ring)
                                a - ring of see invisible

@: lethally poisoned (-1 -> -3), very resistant to hostile enchantments, fairly
stealthy
A: beak, hooves 2, icy blue scales 1, blink, clarity, deterioration 1, foul
stench 2, magic resistance 2, nightstalker 2, poison resistance, spit poison 1,
strong 1, evolution 1, rot immunity, subdued magic 1, no conjurations magic, no
fire magic, no necromancy magic, MP-powered wands
a: Spit Poison, Blink, Renounce Religion, Evoke Invisibility


You were on level 1 of the Lair of Beasts.
You worshipped Ru.
Ru was aware of your devotion.
You were hungry.

You visited 2 branches of the dungeon, and saw 11 of its levels.

You collected 499 gold pieces.
You spent 90 gold pieces at shops.

Inventory:

Armour
 i - a +0 pair of boots (worn)
 x - a +1 cloak of invisibility (worn)
 z - a +0 pair of gloves (worn)
 G - a +1 ring mail (worn)
Jewellery
 a - a ring of see invisible (left hand)
 k - an uncursed amulet of stasis
Wands
 h - a wand of disintegration (8)
 p - a wand of hasting (1)
 r - a wand of cold (8)
 y - a wand of polymorph (9)
Scrolls
 d - 3 scrolls of identify
 j - 2 scrolls of enchant armour
 l - 5 scrolls of teleportation
 m - a scroll of immolation
 q - a scroll of amnesia {unknown}
 s - 3 scrolls of recharging
 v - a scroll of remove curse
 w - 3 scrolls of magic mapping
Potions
 c - 6 potions of curing
 e - a potion of cure mutation
 f - 2 potions of berserk rage {unknown}
 n - 3 potions of agility
 B - a potion of might
 F - a potion of cancellation
 H - a potion of invisibility
Books
 t - a book of the Dragon

   Spells                             Type                      Level
   a - Flame Tongue                   Conjuration/Fire             1
   b - Cause Fear                     Hexes                        4
   c - Bolt of Fire                   Conjuration/Fire             6
   d - Dragon Form                    Transmutation                7
   e - Dragon's Call                  Summoning                    9
Comestibles
 b - 12 bread rations
 o - 7 meat rations
 u - 2 beef jerkies
 A - 12 fruits
 C - a royal jelly
 E - 8 slices of pizza


   Skills:
 * Level 7.9 Fighting
 + Level 5.1 Armour
 * Level 6.4 Dodging
 - Level 1.7 Stealth
 + Level 12.2 Unarmed Combat


You had 10 spell levels left.
You didn't know any spells.

Dungeon Overview and Level Annotations

Branches:
Dungeon (10/15)            Temple (0/1) D:6            Lair (1/8) D:9
    Orc: D:9-12

Altars:
Ashenzari
Cheibriados
Ru

Shops:
D:5 :   D:8 ?

Annotations:
D:2 Sigmund
D:10 Alipheese's ghost, journeyman NaSk


Innate Abilities, Weirdness & Mutations

You have hoof-like feet.
You are partially covered in icy blue scales (AC +1).
You frequently emit foul miasma when damaged in melee.
You are significantly more attuned to the shadows.
You are immune to rotting.
You cannot study or cast Conjurations magic.
You cannot study or cast Fire magic.
You cannot study or cast Necromancy magic.
You have a beak for a mouth.
You can translocate small distances at will.
You possess an exceptional clarity of mind.
Your body sometimes deteriorates upon taking damage.
You are highly resistant to hostile enchantments.
Your system is resistant to poisons.
You can spit weak poison.
Your muscles are strong. (Str +2)
You evolve.
Your spells are a little easier to cast, but a little less powerful.
You expend magic power (3 MP) to strengthen your wands.


Message History

You closely miss the water moccasin. The water moccasin barely misses you.
You punch the water moccasin!
You kill the water moccasin!
You feel sick.
You take 1 damage, and have 27/86 hp.
You miss the porcupine. You peck the porcupine.
The porcupine bites you but does no damage.
You barely miss the porcupine. You peck the porcupine.
You feel sick. The porcupine bites you.
* * * LOW HITPOINT WARNING * * *
You take 6 damage, and have 21/86 hp.
You completely miss the porcupine. You peck the porcupine.
The porcupine bites you.
* * * LOW HITPOINT WARNING * * *
The porcupine looks sick.
You closely miss the porcupine.
You feel sick. The porcupine bites you!
* * * LOW HITPOINT WARNING * * *
You take 9 damage, and have 12/86 hp.
You are struck by the porcupine's spines.
You die...

##....P## ....
#.......### ...>
.......... ....
#.......# ##..
.......# ######
### #P..rS#
###.##P#####
#######§#
#...........
##...###†#
#.####.#####
#.....@r.# #.#
### #
#....######.#####
#
##..............#
#
#.#.######.....#
#.### #####.# ##
#.# #.## #. #.#
##..## #. #.#
#..#.###. #.#
##.......


You could see a porcupine.

Vanquished Creatures
  Pikel (D:7)
  2 spiny frogs (Lair:1)
  A two-headed ogre (D:9)
  A wyvern (D:10)
  A human (D:7)
  3 vampire mosquitoes (D:9)
  7 yaks
  Grum (D:9)
  A deep elf fighter (D:9)
  2 hippogriffs
  4 wolves (D:9)
  3 water moccasins
  An ice beast (D:6)
  3 sky beasts
  4 orc warriors
  2 necrophages
  2 ogres
  A black bear (D:6)
  2 centaurs
  2 slaves (D:7)
  2 big kobolds
  5 giant frogs
  A wyvern skeleton (D:10)
  5 jellies
  2 scorpions
  A giant frog zombie (D:7)
  A centaur zombie (D:8)
  6 crimson imps
  A gnoll shaman (D:8)
  4 orc priests
  A giant frog skeleton (D:4)
  Crazy Yiuf (D:7)
  3 centaur skeletons
  5 iguanas
  An iron imp (D:9)
  4 orc wizards
  8 worker ants
  7 hounds
  2 sheep (D:7)
  A hound zombie (D:6)
  3 worker ant zombies
  7 gnolls
  3 river rats (D:9)
  2 shadow imps
  13 adders
  3 worms (D:4)
  8 giant geckos
  11 orcs
  14 bats
  7 giant cockroaches
  11 hobgoblins
  10 jackals
  17 kobolds
  5 quokkas
  6 ball pythons
  4 giant newts
  11 goblins
  A quokka skeleton (D:4)
  20 rats
261 creatures vanquished.

Vanquished Creatures (others)
  A hippogriff (D:9)
  A gnoll (D:7)
  4 fungi (D:9)
  4 plants
10 creatures vanquished.

Grand Total: 271 creatures vanquished

Notes
Turn   | Place    | Note
--------------------------------------------------------------
     0 | D:1      | Goblin1989 the Demonspawn Monk began the quest for the Orb.
     0 | D:1      | Reached XP level 1. HP: 18/18 MP: 1/1
   305 | D:1      | Reached skill level 4 in Unarmed Combat
   313 | D:1      | Gained mutation: You are partially covered in icy blue scales (AC +1). [demonic ancestry]
   313 | D:1      | Reached XP level 2. HP: 24/24 MP: 2/2
   865 | D:2      | Gained mutation: You are immune to rotting. [demonic ancestry]
   865 | D:2      | Reached XP level 3. HP: 20/29 MP: 3/3
  1160 | D:2      | Noticed Sigmund
  1169 | D:2      | Reached skill level 5 in Unarmed Combat
  1517 | D:3      | Reached XP level 4. HP: 25/35 MP: 4/4
  2561 | D:4      | Reached XP level 5. HP: 35/41 MP: 5/5
  2570 | D:4      | Reached skill level 6 in Unarmed Combat
  3368 | D:4      | Gained mutation: You may emit foul miasma when damaged in melee. [demonic ancestry]
  3368 | D:4      | Reached XP level 6. HP: 33/47 MP: 6/6
  3700 | D:5      | Entered Level 5 of the Dungeon
  3971 | D:5      | Reached skill level 7 in Unarmed Combat
  4721 | D:5      | Found Kaim's Book Boutique.
  4802 | D:5      | Found a shattered altar of Ashenzari.
  4865 | D:5      | Reached skill level 8 in Unarmed Combat
  4865 | D:5      | Gained mutation: You frequently emit foul miasma when damaged in melee. [demonic ancestry]
  4865 | D:5      | Reached XP level 7. HP: 24/52 MP: 7/7
  5546 | D:6      | Found a sacrificial altar of Ru.
  5563 | D:6      | Became a worshipper of Ru the Awakened
  5571 | D:6      | Gained mutation: You cannot study or cast Fire magic. [Ru sacrifice]
  5571 | D:6      | Gained mutation: You cannot study or cast Necromancy magic. [Ru sacrifice]
  5571 | D:6      | Gained mutation: You cannot study or cast Conjurations magic. [Ru sacrifice]
  5571 | D:6      | Reached * piety under Ru
  5607 | D:6      | Found a staircase to the Ecumenical Temple.
  5905 | D:6      | Reached skill level 9 in Unarmed Combat
  6361 | D:6      | Gained mutation: You are slightly more attuned to the shadows. [demonic ancestry]
  6361 | D:6      | Reached XP level 8. HP: 47/58 MP: 8/8
  6593 | D:7      | Gained mutation: You expend magic power (3 MP) to strengthen your wands. [mutagenic meat]
  6594 | D:7      | Gained mutation: You possess an exceptional clarity of mind. [mutagenic meat]
  6595 | D:7      | Gained mutation: You have a beak for a mouth. [mutagenic meat]
  6596 | D:7      | Gained mutation: You evolve. [mutagenic meat]
  6909 | D:6      | Reached skill level 10 in Unarmed Combat
  7424 | D:7      | Noticed Crazy Yiuf
  7429 | D:7      | Killed Crazy Yiuf
  7541 | D:7      | Noticed a yak
  7541 | D:7      | Noticed a human
  7542 | D:7      | Noticed a yak
  7580 | D:7      | Killed a human
  7580 | D:7      | Reached skill level 11 in Unarmed Combat
  7584 | D:7      | Killed a yak
  7792 | D:7      | Reached XP level 9. HP: 63/63 MP: 9/9
  7914 | D:7      | Got an ancient robe
  7925 | D:7      | Identified the +2 robe of the Valley {rC+} (You found it on level 7 of the Dungeon)
  7953 | D:7      | Reached skill level 1 in Armour
  8032 | D:7      | Noticed Pikel
  8046 | D:7      | Killed Pikel
  8374 | D:7      | Killed a yak
  8623 | D:8      | Reached skill level 5 in Fighting
  8627 | D:8      | Gained mutation: Your body sometimes deteriorates upon taking damage. [mutagenic meat]
  8628 | D:8      | Gained mutation: You can spit weak poison. [mutagenic meat]
  8629 | D:8      | Gained mutation: You have an increased reservoir of magic (+10% MP). [mutagenic meat]
  8630 | D:8      | Gained mutation: You are resistant to hostile enchantments. [mutagenic meat]
  8973 | D:8      | Found Zeczun's Magic Scroll Emporium.
  8979 | D:8      | Bought a scroll of remove curse for 30 gold pieces
  8979 | D:8      | Bought a scroll of identify for 20 gold pieces
  8979 | D:8      | Bought a scroll of identify for 20 gold pieces
  8979 | D:8      | Bought a scroll of identify for 20 gold pieces
  9184 | D:8      | Gained mutation: Your system is resistant to poisons. [evolution]
  9914 | D:9      | Noticed Grum
  9942 | D:9      | Killed Grum
  9945 | D:9      | Gained mutation: You are significantly more attuned to the shadows. [demonic ancestry]
  9945 | D:9      | Reached XP level 10. HP: 33/76 MP: 11/11
 10130 | D:9      | Gained mutation: You can translocate small distances at will. [potion of mutation]
 10130 | D:9      | Gained mutation: Your spells are a little easier to cast, but a little less powerful. [potion of mutation]
 10131 | D:9      | Gained mutation: You have large cloven feet. [potion of mutation]
 10131 | D:9      | Gained mutation: You are highly resistant to hostile enchantments. [potion of mutation]
 10131 | D:9      | Lost mutation: You have an increased reservoir of magic (+10% MP). [potion of mutation]
 10495 | D:9      | Found a snail-covered altar of Cheibriados.
 11095 | D:9      | Found a staircase to the Lair.
 11098 | D:9      | Reached skill level 5 in Dodging
 11098 | D:9      | Reached skill level 12 in Unarmed Combat
 11434 | D:10     | Entered Level 10 of the Dungeon
 11832 | D:10     | Gained mutation: Your muscles are strong. (Str +2) [evolution]
 12010 | D:10     | Noticed Alipheese's ghost (journeyman NaSk)
 12276 | Lair:1   | Entered Level 1 of the Lair of Beasts
 12310 | Lair:1   | Reached skill level 5 in Armour
 12601 | Lair:1   | Gained mutation: You have hoof-like feet. [demonic ancestry]
 12601 | Lair:1   | Reached XP level 11. HP: 36/86 MP: 11/11
 12626 | Lair:1   | Impaled on a porcupine's spines

Action                   |  1- 3 |  4- 6 |  7- 9 | 10-12 || total
-------------------------+-------+-------+-------+-------++-------
Melee: Unarmed           |   176 |   238 |   398 |   287 ||  1099
Invok: Sacrifice Arcana  |       |       |     1 |       ||     1
       Reject Sacrifices |       |       |     1 |       ||     1
  Use: Scroll            |       |       |    17 |     2 ||    19
       Potion            |       |       |     3 |     4 ||     7
 Stab: Sleeping          |     4 |     3 |     8 |     5 ||    20
       Distracted        |       |     1 |       |     1 ||     2
       Invisible         |       |       |     3 |       ||     3
  Eat: Meat ration       |     1 |     1 |     1 |       ||     3
       Chunk             |       |     3 |    17 |     7 ||    27
       Pizza             |       |     1 |       |       ||     1
       Beef jerky        |       |       |       |     1 ||     1
